Map: Mech Depot LE

Players

IIIIIIIIIII - Winner!

  • Race: Zerg Zerg
  • League: Master
  • Spawn Location: 1:00

Harstem

  • Race: Protoss Protoss
  • League: Grandmaster
  • Spawn Location: 7:00

VOD

Have the link to the VOD?

Description

Time

  • Played on: Oct. 17, 2017, 5:30 a.m.
  • Length: 13:28
Show
View Real Time Build Order
Export as new Build Order

IIIIIIIIIII Zerg - Winner!

Build Orders: Hatch First, Lurkers 

Get SALT Encoding   

  12  0:01  Drone  
  13  0:12  Overlord  
  13  0:17  Drone  
  14  0:30  Drone x2  
  14  0:34  Drone  
  17  0:52  Hatchery  
  17  0:54  Drone  
  17  0:57  Drone  
  18  1:08  Extractor  
  17  1:13  Spawning Pool  
  17  1:15  Drone  
  17  1:18  Drone  
  18  1:27  Drone  
  19  1:42  Overlord  
  19  1:49  Drone  
  20  2:00  Queen  
  23  2:01  Zergling x2  
  23  2:03  Queen  
  23  2:04  Zergling x2  
  23  2:07  Metabolic Boost  
  26  2:10  Drone  
  26  2:14  Drone  
  28  2:22  Drone  
  29  2:29  Drone  
  30  2:36  Hatchery  
  29  2:38  Drone  
  30  2:45  Pneumatized Carapace  
  30  2:46  Drone  
  30  2:51  Overlord  
  31  2:54  Drone  
  32  2:59  Drone x2  
  32  3:05  Drone  
  35  3:08  Drone  
  35  3:10  Drone  
  35  3:11  Drone  
  35  3:12  Drone  
  39  3:16  Overlord  
  39  3:21  Drone x2  
  39  3:23  Queen  
  43  3:30  Drone  
  44  3:36  Drone x2  
  44  3:40  Drone x3, Evolution Chamber  
  48  3:47  Drone x2  
  51  3:51  Lair  
  51  3:52  Drone x3  
  54  3:57  Queen  
  54  3:59  Overlord  
  54  4:02  Queen  
  56  4:07  Overlord  
  58  4:19  Drone x2  
  58  4:20  Drone x2  
  58  4:22  Drone, Spore Crawler x2  
  58  4:23  Drone  
  63  4:24  Zergling x6  
  63  4:25  Spore Crawler  
  64  4:34  Queen  
  64  4:35  Zergling x8  
  70  4:39  Extractor  
  70  4:40  Queen  
  70  4:41  Drone x2  
  70  4:43  Overlord  
  73  4:48  Drone  
  74  4:53  Hydralisk Den  
  74  4:54  Overseer  
  74  4:55  Overlord  
  74  4:57  Overlord x2  
  74  4:59  Overlord  
  73  5:02  Overlord  
  73  5:10  Drone x2  
  73  5:16  Overlord  
  73  5:18  Extractor x2  
  73  5:20  Drone x7, Evolution Chamber  
  77  5:22  Drone x2  
  77  5:28  Drone x2  
  81  5:31  Drone  
  81  5:32  Muscular Augments  
  82  5:35  Extractor  
  82  5:36  Extractor  
  82  5:40  Drone x2  
  82  5:41  Hydralisk  
  84  5:45  Hatchery  
  84  5:47  Drone x2  
  84  5:48  Drone, Hydralisk  
  88  5:50  Drone  
  89  5:59  Drone x2  
  91  6:04  Evolution Chamber  
  91  6:05  Hydralisk x2  
  91  6:06  Hydralisk, Zergling x4  
  91  6:07  Zergling x4  
  91  6:11  Hydralisk x2  
  97  6:21  Hydralisk x3  
  97  6:22  Zergling x4  
  105  6:28  Zerg Missile Weapons Level 1  
  105  6:29  Drone x2  
  105  6:32  Baneling Nest  
  106  6:35  Drone x5, Overlord  
  106  6:37  Zerg Melee Weapons Level 1  
  106  6:38  Overlord  
  111  6:49  Overlord  
  111  6:51  Overlord  
  111  6:52  Overlord  
  111  6:55  Overlord  
  111  7:04  Drone  
  111  7:05  Drone x6  
  111  7:07  Hatchery  
  117  7:09  Hydralisk x6  
  117  7:13  Hydralisk  
  131  7:15  Centrifical Hooks  
  131  7:23  Hydralisk x3  
  131  7:24  Hydralisk  
  139  7:31  Hydralisk x3  
  139  7:35  Drone  
  146  7:44  Overlord x2  
  146  7:45  Zergling x12  
  146  7:50  Overlord  
  152  7:51  Overlord  
  152  7:57  Spine Crawler  
  151  8:00  Overlord  
  151  8:04  Overlord  
  151  8:07  Zergling x2  
  151  8:08  Zergling x18  
  151  8:12  Baneling x17  
  161  8:15  Zergling x18  
  170  8:23  Baneling, Zergling x4  
  172  8:27  Zerg Missile Weapons Level 2  
  172  8:29  Zergling x6  
  172  8:32  Zergling x6, Hatchery  
  175  8:37  Zergling x4  
  175  8:38  Zergling x2  
  175  8:40  Zergling x14  
  178  8:46  Zergling x6  
  178  8:48  Overlord  
  180  8:51  Zergling x4  
  179  8:56  Hydralisk  
  179  8:57  Zergling x6  
  179  9:06  Zergling x16  
  179  9:08  Hydralisk x3  
  176  9:10  Lurker Den  
  176  9:12  Zergling x4  
  176  9:15  Baneling x7  
  176  9:16  Baneling x6  
  172  9:17  Hydralisk  
  172  9:18  Zergling x2  
  172  9:22  Zergling x2  
  172  9:23  Zergling x4  
  175  9:25  Hydralisk  
  175  9:29  Hydralisk x2  
  175  9:30  Zergling x6  
  166  9:38  Zerg Melee Weapons Level 2  
  166  9:39  Hydralisk x2  
  166  9:44  Zergling x12  
  162  9:50  Baneling x3  
  162  9:51  Baneling x14  
  157  9:53  Zergling x4  
  157  9:57  Zergling x8  
  163  10:01  Zergling x4  
  163  10:03  Baneling x7  
  163  10:05  Hydralisk x2  
  169  10:08  Hydralisk  
  169  10:12  Overlord, Hydralisk  
  169  10:13  Hydralisk  
  169  10:21  Hydralisk x3  
  149  10:22  Zergling x6  
  149  10:25  Hydralisk  
  149  10:26  Zergling x4  
  135  10:30  Zergling x6  
  135  10:34  Zergling x8  
  139  10:38  Zergling x2  
  139  10:39  Zergling x8  
  144  10:46  Lurker x2  
  144  10:47  Zergling x2, Lurker  
  144  10:48  Zergling x8  
  152  10:56  Lair  
  152  10:58  Zergling x2  
  152  10:59  Zergling x12  
  152  11:02  Lurker  
  152  11:04  Baneling x5, Extractor  
  158  11:05  Zergling x4  
  158  11:06  Zergling x8  
  158  11:08  Extractor  
  158  11:10  Baneling x4  
  163  11:13  Baneling x2  
  163  11:15  Baneling  
  163  11:16  Zergling x14  
  170  11:21  Zergling x10  
  172  11:27  Overlord  
  172  11:31  Zergling x8  
  165  11:35  Hydralisk x4  
  165  11:42  Baneling x8  
  165  11:46  Hydralisk x2  
  169  11:47  Zergling x10  
  171  11:57  Infestation Pit, Zergling x10  
  175  12:04  Zergling x2  
  175  12:05  Zergling x10  
  175  12:08  Lurker x3  
  182  12:15  Baneling x6  
  179  12:16  Zergling x10  
  184  12:24  Zergling x18  
  192  12:30  Zergling x12  
  192  12:33  Baneling  
  192  12:34  Baneling x2  
  192  12:36  Hydralisk  
  200  12:41  Baneling x7  
  199  12:45  Zergling x8  
  199  12:48  Zergling x8  
  191  12:54  Zergling x2  
  191  12:55  Zergling x8  
  191  12:59  Hydralisk x2  
  191  13:02  Hydralisk  
  181  13:09  Drone x4  
Show
View Real Time Build Order
Export as new Build Order

Harstem Protoss 

Build Orders: 1 Gate Expand, Archon Immortal, Zealot Archon, Archon Drop, Dark Templar Rush 

Get SALT Encoding   

  12  0:01  Probe (Chrono Boost)  
  13  0:11  Probe (Chrono Boost)  
  14  0:19  Pylon  
  14  0:22  Probe (Chrono Boost)  
  15  0:37  Probe (Chrono Boost)  
  15  0:39  Gateway  
  16  0:44  Assimilator  
  16  0:48  Probe (Chrono Boost)  
  17  0:58  Probe (Chrono Boost)  
  18  1:09  Probe (Chrono Boost)  
  19  1:19  Probe (Chrono Boost)  
  20  1:26  Nexus  
  20  1:33  Cybernetics Core  
  20  1:37  Probe (Chrono Boost)  
  21  1:47  Probe (Chrono Boost)  
  21  1:48  Assimilator  
  21  1:53  Pylon  
  22  1:58  Probe (Chrono Boost)  
  23  2:11  Probe (Chrono Boost), Adept (Chrono Boost)  
  23  2:15  Warp Gate  
  26  2:23  Probe (Chrono Boost)  
  26  2:27  Twilight Council  
  27  2:34  Probe (Chrono Boost)  
  28  2:37  Probe (Chrono Boost)  
  28  2:42  Stalker (Chrono Boost)  
  31  2:44  Probe (Chrono Boost)  
  31  2:48  Probe (Chrono Boost)  
  33  2:56  Robotics Facility, Probe (Chrono Boost)  
  34  3:00  Probe (Chrono Boost)  
  35  3:07  Probe (Chrono Boost)  
  35  3:10  Probe (Chrono Boost)  
  37  3:17  Probe (Chrono Boost)  
  38  3:21  Probe (Chrono Boost)  
  39  3:28  Dark Shrine, Probe (Chrono Boost)  
  39  3:32  Gateway x2  
  41  3:40  Probe (Chrono Boost)  
  42  3:42  Pylon  
  42  3:43  Warp Prism (Chrono Boost)  
  42  3:44  Probe  
  44  3:51  Probe  
  45  3:56  Gateway, Probe  
  45  3:57  Charge  
  45  4:02  Assimilator  
  46  4:03  Probe  
  46  4:07  Assimilator  
  46  4:08  Probe (Chrono Boost)  
  48  4:11  Pylon  
  48  4:16  Mothership Core (Chrono Boost)  
  50  4:20  Probe (Chrono Boost)  
  51  4:31  Probe (Chrono Boost)  
  52  4:34  Pylon, Probe (Chrono Boost)  
  53  4:41  Probe (Chrono Boost)  
  54  4:46  Probe (Chrono Boost)  
  54  4:52  Probe (Chrono Boost)  
  56  4:53  Dark Templar x2  
  56  4:54  Dark Templar  
  62  5:05  Nexus  
  62  5:11  Probe (Chrono Boost)  
  63  5:14  Pylon  
  63  5:15  Pylon  
  63  5:18  Dark Templar  
  63  5:19  Archon  
  65  5:22  Probe (Chrono Boost)  
  65  5:23  Probe (Chrono Boost)  
  67  5:30  Zealot  
  67  5:31  Archon  
  67  5:33  Probe (Chrono Boost)  
  67  5:34  Zealot x2  
  74  5:37  Immortal (Chrono Boost)  
  74  5:40  Forge  
  74  5:42  Probe (Chrono Boost)  
  79  5:46  Probe (Chrono Boost)  
  79  5:49  Pylon  
  80  5:51  Zealot x2  
  80  5:54  Zealot  
  86  6:05  Gateway  
  86  6:07  Gateway, Probe x2  
  86  6:10  Gateway  
  86  6:19  Probe x2  
  86  6:20  Probe  
  81  6:26  Sentry x4  
  81  6:30  Immortal (Chrono Boost)  
  81  6:31  Protoss Ground Weapons Level 1 (Chrono Boost), Probe x2  
  95  6:34  Templar Archives  
  95  6:35  Probe  
  95  6:37  Assimilator  
  95  6:39  Assimilator  
  96  6:43  Probe x2  
  96  6:44  Pylon  
  96  6:45  Pylon  
  98  6:47  Probe  
  99  6:56  Zealot x4  
  99  6:58  Probe  
  108  7:05  Immortal (Chrono Boost)  
  108  7:06  Psionic Storm, Probe  
  113  7:17  Gateway  
  113  7:19  Photon Cannon, Pylon  
  113  7:29  High Templar  
  115  7:30  High Templar x2  
  115  7:36  Photon Cannon, Pylon  
  119  7:43  Immortal  
  119  7:45  Pylon  
  119  7:48  High Templar  
  119  7:49  High Templar  
  127  7:52  Pylon x2  
  127  8:00  High Templar, Nexus  
  127  8:03  Pylon  
  129  8:06  Pylon  
  129  8:08  Probe  
  129  8:09  Probe x2  
  129  8:12  High Templar  
  132  8:24  Robotics Facility, Photon Cannon  
  132  8:26  Zealot x3  
  132  8:27  Zealot, Photon Cannon  
  140  8:37  Immortal  
  140  8:41  High Templar  
  140  8:44  Zealot x2  
  148  8:48  Probe  
  148  8:54  Dark Templar x2  
  148  8:55  Zealot x2  
  155  8:57  Probe  
  155  8:59  Dark Templar  
  155  9:01  Archon  
  141  9:16  Zealot x3  
  136  9:25  Probe  
  136  9:28  Dark Templar x3  
  136  9:29  Dark Templar  
  136  9:30  Probe  
  146  9:34  Archon x2  
  146  9:36  Zealot x3  
  146  9:37  Mothership Core  
  150  9:46  Probe  
  150  9:52  Immortal (Chrono Boost)  
  145  9:57  Immortal (Chrono Boost)  
  145  9:58  Zealot x3  
  153  10:05  Probe  
  154  10:11  Probe x3  
  157  10:16  Probe  
  148  10:22  Archon x2  
  148  10:23  Probe x2  
  148  10:24  Zealot x5  
  148  10:25  Immortal (Chrono Boost)  
  140  10:30  Zealot x2  
  140  10:31  Observer (Chrono Boost)  
  140  10:35  Probe (Chrono Boost)  
  137  10:36  Probe (Chrono Boost)  
  137  10:37  Probe (Chrono Boost)  
  137  10:42  Probe (Chrono Boost)  
  141  10:44  Warp Prism  
  141  10:45  High Templar x3  
  141  10:47  Probe (Chrono Boost)  
  152  10:51  Photon Cannon  
  152  10:52  High Templar  
  152  10:54  Zealot x2  
  154  11:07  Zealot  
  154  11:09  Assimilator  
  156  11:12  Assimilator  
  156  11:13  Probe (Chrono Boost)  
  156  11:15  Photon Cannon  
  156  11:17  Photon Cannon  
  157  11:19  Dark Templar  
  157  11:20  Zealot x4  
  156  11:37  Probe (Chrono Boost)  
  139  11:40  Probe (Chrono Boost)  
  139  11:41  Immortal  
  139  11:44  Probe (Chrono Boost)  
  145  11:47  Immortal  
  145  11:55  High Templar x2  
  145  11:59  Zealot x5  
  159  12:01  Pylon  
  136  12:18  Probe (Chrono Boost)  
  136  12:20  Probe (Chrono Boost)  
  136  12:22  Probe x2 (Chrono Boost)  
  140  12:28  Dark Templar  
  140  12:29  Dark Templar  
  137  12:30  Probe (Chrono Boost)  
  137  12:31  Probe (Chrono Boost)  
  137  12:35  Archon  
  138  12:47  Immortal  
  138  12:48  Zealot x4  
  138  12:49  Zealot  
  121  13:03  Zealot  
  121  13:04  Zealot  
  121  13:05  Probe (Chrono Boost)  
  95  13:18  Dark Templar  
  83  13:21  High Templar x2  
  83  13:25  Archon  
  83  13:26  Archon  
Tags
 
Add a new tag
Caveats
  • Supply blocks, unpowered buildings, or Contaminate may cause inaccurate times.
  • Supply counts are checked every 10 seconds.